 Dungeon Crawl Stone Soup version 0.29-a0-515-g7c1fb6cc08 (webtiles) character file.

Game seed: 982259591371881861

459 Bruhh the Ogre Mage (level 7, -3/59 HPs)
             Began as an Ogre Summoner on May 30, 2022.
             Slain by Pikel
             ... wielding a +1 whip of freezing
              (4 damage)
             ... on level 5 of the Dungeon.
             The game lasted 00:05:41 (5759 turns).

Bruhh the Ogre Mage (Ogre Summoner)                 Turns: 5759, Time: 00:05:42

Health: -3/59      AC:  3    Str: 13    XL:     7   Next: 6%
Magic:  11/16      EV:  9    Int: 18    God:
Gold:   200        SH:  0    Dex:  9    Spells: 12/18 levels left

rFire   . . .      SeeInvis .   p - +2 trident (vorpal)
rCold   . . .      Faith    .   (no shield)
rNeg    . . .      Spirit   .   a - +0 robe
rPois   .          Reflect  .   (helmet restricted)
rElec   .          Harm     .   (no cloak)
rCorr   .          Rampage  .   (gloves unavailable)
Will    .....                   (boots unavailable)
Stlth   +.........              (no amulet)
HPRegen 0.19/turn               (no ring)
MPRegen 0.15/turn               (no ring)

@: about to teleport, flying
A: large, unfitting armour, tough skin 1
a: no special abilities


You were on level 5 of the Dungeon.
You visited 1 branch of the dungeon, and saw 5 of its levels.

You collected 200 gold pieces.

Inventory:

Hand Weapons
 c - a +0 dagger
 h - a +0 quarterstaff
 p - a +2 vorpal trident (weapon)
Armour
 a - a +0 robe (worn)
Jewellery
 k - a ring of see invisible
 u - a ring of fire
Wands
 t - a wand of flame (14)
 x - a wand of acid (7)
Scrolls
 d - a scroll of torment
 e - 2 scrolls of silence
 f - 2 scrolls of fog
 n - a scroll of poison {unknown}
 v - a scroll of blinking {unknown}
 w - a scroll of enchant weapon {unknown}
 y - a scroll of noise {unknown}
Potions
 b - a potion of magic
 i - 2 potions of degeneration {unknown}
 m - a potion of berserk rage {unknown}
 o - 2 potions of heal wounds {unknown}
 q - a potion of invisibility {unknown}
 s - 3 potions of curing {unknown}


   Skills:
 - Level 1.8 Dodging
 - Level 1.4 Stealth
 + Level 6.0 Spellcasting
 + Level 5.8 Summonings


You had 12 spell levels left.
You knew the following spells:

 Your Spells              Type           Power      Damage    Failure   Level
a - Summon Small Mammal   Summ           100%       N/A       1%          1
b - Call Imp              Summ           26%        N/A       1%          2
c - Call Canine Familiar  Summ           26%        N/A       3%          3

Your spell library contained the following spells:

 Spells                   Type           Power      Damage    Failure   Level
 Summon Guardian Golem    Hex/Summ       15%        N/A       11%         3
 Ensorcelled Hibernation  Hex/Ice        10%        N/A       19%         2
 Passwall                 Tmut/Erth      4%         N/A       19%         2
 Swiftness                Air            5%         N/A       34%         3
 Summon Lightning Spire   Summ/Air       15%        N/A       34%         4


Dungeon Overview and Level Annotations

Branches:
Dungeon (5/15)
 Temple: D:4-7

Altars:
Cheibriados

Shops:
D:1 :([*   D:4 (:   D:5 !?

Annotations:
D:5 Pikel


Innate Abilities, Weirdness & Mutations

You are too large for most types of armour.
You have tough skin. (AC +1)


Message History

As you read the scroll of identify, it crumbles to dust.
g - a scroll of summoning The lemure barely misses you.
The lemure hits you.
As you read the scroll of summoning, it crumbles to dust.
Wisps of shadow whirl around you...
Your quokka bites Pikel but does no damage.
Pikel barely misses you. The lemure hits you. The lemure barely misses you.
Your crimson imp blinks!
The lemure attacks as you move away! The lemure hits you.
Your quokka closely misses Pikel.
The lemure hits you.
Your orc hits the lemure with a +0 hand axe.
Pikel hits you with a +1 whip of freezing.
Pikel freezes you. The lemure hits you!
Your adder bites the lemure.
Your scorpion stings the lemure but does no damage.
Your quokka barely misses the lemure.
Your orc closely misses the lemure.
Pikel attacks as you move away!
Pikel hits you with a +1 whip of freezing!
* * * LOW HITPOINT WARNING * * *
Pikel freezes you.
* * * LOW HITPOINT WARNING * * *
Your adder closely misses the lemure.
Your scorpion barely misses the lemure.
Okay, then.
It was a potion of flight.
You feel very buoyant.
You fly up into the air.
Your adder bites the lemure but does no damage.
Your scorpion stings Pikel but does no damage.
Pikel hits you with a +1 whip of freezing!
* * * LOW HITPOINT WARNING * * *
Pikel freezes you.
* * * LOW HITPOINT WARNING * * *
The lemure closely misses you.
Your quokka misses Pikel. The lemure hits you but does no damage.
Your adder bites the lemure but does no damage.
Okay, then.
As you read the scroll labelled UDUCUL RUONG, it crumbles to dust.
You feel strangely unstable.
It was a scroll of teleportation.
Your scorpion stings Pikel.
Your quokka closely misses Pikel.
Pikel hits you with a +1 whip of freezing.
You die...

#####<.#.... ######.#.........
##...#......#...#.
##.........###.....
#....(.....#.......
#....#.............
#######....###...........
#....#s5...##.....#......
#....#oK@........##......
#.....r55........##......
.#.....S##.........#......
.....................#......
........(...................
..........>.................
............................
............................
..............................


You could see Pikel (ally target), 3 lemures, a friendly scorpion (summoned), a
friendly adder (summoned), a friendly orc (summoned) and a friendly quokka
(summoned).

Vanquished Creatures
  Grinder (D:5)
  A necrophage (D:4)
  An orc priest (D:5)
  2 adders
  A worm (D:2)
  2 dart slugs
  3 orcs
  3 bats
  An endoplasm (D:3)
  A giant cockroach (D:1)
  3 hobgoblins
  A jackal (D:1)
  A quokka (D:1)
  2 ball pythons (D:4)
  4 goblins
  6 kobolds
  2 rats
35 creatures vanquished.

Vanquished Creatures (collateral kills)
  A hound (D:4)
  Ijyb (D:4)
  An iguana (D:4)
  2 adders
  A dart slug (D:4)
  An orc (D:3)
  2 endoplasms
  A giant cockroach (D:1)
  6 goblins
  4 hobgoblins
  3 jackals (D:1)
  A kobold (D:2)
  A quokka (D:2)
  2 ball pythons
  2 frilled lizards (D:1)
  A rat (D:2)
30 creatures vanquished.

Vanquished Creatures (others)
  A plant (D:1)
1 creature vanquished.

Grand Total: 66 creatures vanquished

Notes
Turn   | Place    | Note
-------+----------+-------------------------------------------
     0 | D:1      | Bruhh the Ogre Summoner began the quest for the Orb.
     0 | D:1      | Reached XP level 1. HP: 16/16 MP: 3/3
   213 | D:1      | Found Ygrabeesosm's Antique Weapon Shop.
   486 | D:1      | Reached XP level 2. HP: 23/24 MP: 2/5
   518 | D:1      | Found Xirogh's Assorted Antiques.
   675 | D:1      | Reached skill level 3 in Spellcasting
   956 | D:1      | Found a faded altar of an unknown god.
  1133 | D:1      | Reached XP level 3. HP: 24/31 MP: 4/7
  1654 | D:1      | Found Zuvyilag's Book Boutique.
  1677 | D:1      | Found Kityarr's Antique Armour Shop.
  1996 | D:2      | Learned a level 2 spell: Call Imp
  2000 | D:2      | Learned a level 3 spell: Call Canine Familiar
  2881 | D:2      | Reached XP level 4. HP: 39/39 MP: 6/9
  3457 | D:3      | Found a snail-covered altar of Cheibriados.
  3594 | D:3      | Reached skill level 4 in Spellcasting
  3904 | D:4      | Noticed a necrophage
  3916 | D:4      | Killed a necrophage
  3917 | D:4      | Reached XP level 5. HP: 41/45 MP: 4/11
  3993 | D:4      | Found Obyenkeh's Antique Weapon Shop.
  4153 | D:4      | Noticed Ijyb
  4174 | D:4      | Killed Ijyb
  4509 | D:4      | Found Buklis's Book Emporium.
  4594 | D:4      | Reached skill level 5 in Summonings
  4695 | D:5      | Entered Level 5 of the Dungeon
  4718 | D:5      | Reached skill level 5 in Spellcasting
  4718 | D:5      | Reached XP level 6. HP: 43/53 MP: 11/13
  4813 | D:5      | Noticed Grinder
  4833 | D:5      | Paralysed by Grinder for 5 turns
  4847 | D:5      | Killed Grinder
  4979 | D:5      | Found Ojogreasuu's Magic Scroll Boutique.
  5299 | D:5      | Found Ammesyc's Distillery.
  5308 | D:5      | Noticed Pikel
  5337 | D:4      | Reached skill level 6 in Spellcasting
  5337 | D:4      | Reached XP level 7. HP: 22/59 MP: 13/16
  5758 | D:5      | HP: 1/59 [Pikel/+1 whip of freezing (2)]
  5759 | D:5      | Slain by Pikel

Illustrated notes

Levels and vault maps discovered:
D:1:      zaba_arrival_water, layout_loops_ring, serial_shops,
          nicolae_square_shop, shop, nicolae_shop_overgrown_old_shop,
          nicolae_shop_trees, shapermc_ecumenical_altar_totnotflames
D:2:      layout_rooms
D:3:      layout_basic, kennysheep_slug_shrine, roderic_roman_lattice,
          hangedman_decor_points
D:4:      layout_rooms, serial_shops, shop, nicolae_square_shop,
          amcnicky_mini_corridor_feature, uniq_ijyb
D:5:      layout_cave_pools, serial_shops, nicolae_shop_advertising_works
          [nicolae_subvault_shop_adworks], nicolae_lakefront_shop,
          kennysheep_little_box, uniq_pikel, uniq_grinder

Skill      XL: |  1  2  3  4  5  6 |
---------------+-------------------+-----
Spellcasting   | 3 4 5 6 |  6.0
Summonings     | 4 5 |  5.8
Dodging        | |  1.8
Stealth        | |  1.4

Action                   |  1- 3 |  4- 6 |  7- 9 || total
-------------------------+-------+-------+-------++-------
Melee: Dagger            |   124 |       |       ||   124
       Unarmed           |     9 |       |       ||     9
       Punch             |     2 |       |       ||     2
       Quarterstaff      |    31 |     6 |       ||    37
       Trident           |       |    56 |       ||    56
 Cast: Summon Small Mamm |    52 |    29 |     2 ||    83
       Call Imp          |     2 |     8 |     1 ||    11
       Call Canine Famil |     2 |     7 |     1 ||    10
  Use: Scroll            |       |       |     6 ||     6
       Potion            |       |       |     1 ||     1
 Stab: Sleeping          |       |     1 |       ||     1
Armor: Robe              |    74 |    13 |     1 ||    88
Dodge: Dodged            |   117 |    29 |     4 ||   150

Table legend: (Time is in decaauts)
 A = Elapsed time spent in this place.
 B = Non-inter-level travel time spent in this place.
 C = Inter-level travel time spent in this place.
 D = Time resting spent in this place.
 E = Time spent auto-exploring this place.
 F = Levels seen in this place.
 G = Mean time per level.
                   A        B        C        D        E       F      G
               +--------+--------+--------+--------+--------+-----+--------+
         Total |   5796 |   5535 |    261 |    386 |   4391 |   5 | 1159.2 |
       Dungeon |   5796 |   5535 |    261 |    386 |   4391 |   5 | 1159.2 |
               +--------+--------+--------+--------+--------+-----+--------+

Top non-repeatable levels by time:
     D:1: 1960 daAuts
     D:4: 1234 daAuts
     D:2: 1037 daAuts
     D:3: 896 daAuts
     D:5: 668 daAuts
